 Dungeon Crawl Stone Soup version 0.30.0-13-g156ef70053 (webtiles) character file.

Game seed: 1524508302308023526

67 monsoonserge the Vexing (level 4, -1/35 HPs)
             Began as a Meteoran Hexslinger on May 17, 2023.
             Slain by a hobgoblin (2 damage)
             ... on level 2 of the Dungeon.
             The game lasted 00:07:10 (832 turns).

monsoonserge the Vexing (Meteoran Hexslinger)        Turns: 832, Time: 00:07:11

Health: -1/35      AC:  3    Str: 12    XL:     4   Next: 67%
Magic:  8/8        EV: 12    Int: 16    God:
Gold:   73         SH:  0    Dex: 14    Spells: 2/7 levels left

rFire   . . .        a - +1 sling
rCold   . . .        (no shield)
rNeg    . . .        g - +0 leather armour
rPois   .            (no helmet)
rElec   .            (no cloak)
rCorr   .            (no gloves)
SInv    +            (no boots)
Will    .....        n - amulet of the acrobat
Stlth   +            h - ring of see invisible
HPRegen 0.25/turn    (no ring)
MPRegen 0.11/turn

%: acrobat
@: glowing
A: sense surroundings 1, otherworldly, glowing, explore regen
a: no special abilities


You were on level 2 of the Dungeon.
You visited 1 branch of the dungeon, and saw 3 of its levels.

You collected 73 gold pieces.

Inventory:

Hand Weapons
 a - a +1 sling (weapon)
 f - a +4 dagger
Missiles
 k - 5 poisoned darts
Armour
 c - a +0 robe
 g - a +0 leather armour (worn)
Jewellery
 h - a ring of see invisible (left hand)
 n - an amulet of the acrobat (around neck)
Scrolls
 b - a scroll of poison
 e - a scroll of acquirement {unknown}
 j - a scroll of fear {unknown}
 l - 3 scrolls of immolation {unknown}
 o - 2 scrolls of teleportation {unknown}
Potions
 d - a potion of flight {unknown}
 i - a potion of brilliance {unknown}
 m - a potion of ambrosia
 p - a potion of curing {unknown}


   Skills:
 + Level 1.5 Fighting
 + Level 3.5 Ranged Weapons
 * Level 0.8 Armour
 + Level 3.0 Dodging
 - Level 2.0 Spellcasting
 * Level 4.1 Hexes


You had 2 spell levels left.
You knew the following spells:

 Your Spells              Type           Power      Damage    Failure   Level
a - Slow                  Hex            56%        N/A       4%          1
b - Cause Fear            Hex            7%         N/A       43%         4

Your spell library contained the following spells:

 Spells                   Type           Power      Damage    Failure   Level
 Cigotuvi's Dreadful Rot  Necr/Pois/Air  2%         N/A       36%         2
 Inner Flame              Hex/Fire       8%         N/A       34%         3
 Portal Projectile        Hex/Tloc       16%        N/A       34%         3
 Dispel Undead            Necr           1%         3d6       95%         4
 Death Channel            Necr           0%         N/A       100%        6


Dungeon Overview and Level Annotations

Branches:
Dungeon (3/15) Zot: 922

Altars:


Innate Abilities, Weirdness & Mutations

You passively map a small area around you.
You are easily found by Zot.
You glow in the dark.
You regain HP and MP as you explore.


Message History

You shoot a sling bullet.
The sling bullet closely misses the ball python.
The sling bullet closely misses the hobgoblin.
The ball python bites you. The ball python constricts you.
You shoot a sling bullet.
The sling bullet barely misses the ball python.
The sling bullet hits the hobgoblin.
The hobgoblin is heavily wounded.
The ball python bites you but does no damage.
The ball python constricts you. The ball python bites you.
* * * LOW HITPOINT WARNING * * *
The ball python constricts you.
You shoot a sling bullet.
The sling bullet completely misses the ball python.
The hobgoblin hits you.
* * * LOW HITPOINT WARNING * * *
The ball python bites you but does no damage.
The ball python constricts you.
* * * LOW HITPOINT WARNING * * *
You shoot a sling bullet.
The sling bullet barely misses the ball python.
The ball python bites you but does no damage.
The ball python constricts you.
* * * LOW HITPOINT WARNING * * *
The hobgoblin hits you.
* * * LOW HITPOINT WARNING * * *
The ball python closely misses you. The ball python constricts you.
* * * LOW HITPOINT WARNING * * *
The hobgoblin barely misses you.
You shoot a sling bullet.
The sling bullet closely misses the ball python.
The ball python bites you.
* * * LOW HITPOINT WARNING * * *
The ball python constricts you.
* * * LOW HITPOINT WARNING * * *
The hobgoblin closely misses you.
You shoot a sling bullet. The sling bullet hits the ball python.
You kill the ball python!
The hobgoblin hits you.
You die...

... * ,, , * .### , * ,
.# * #,* * ####* # * ..
, ..###* #....* #.#####
, , , .... #.≈g.###
#...... , ,,...,
#..≈.'.######... *#.###
,#..##..†..# ,
..###.g.#######........#
,
.....$.@...†)...........
..###.#.#.##............
***# #.#.##..........#.
, ,....##.........>## *
**##.####....##....##
#.# #....##....## * #.#
.....###....## , , *
#........# #....## * * ,
#..... #....#


You could see a hobgoblin.

Vanquished Creatures
  2 adders (D:2)
  3 dart slugs (D:1)
  6 ball pythons
  5 bats
  3 endoplasms (D:1)
  2 giant cockroaches
  4 goblins
  3 hobgoblins (D:1)
  4 kobolds
  3 quokkas
  3 frilled lizards
  3 rats
41 creatures vanquished.

Notes
Turn   | Place    | Note
-------+----------+-------------------------------------------
     0 | D:1      | monsoonserge the Meteoran Hexslinger began the quest for
                  | the Orb.
     0 | D:1      | Reached XP level 1. HP: 16/16 MP: 3/3
    34 | D:1      | Reached XP level 2. HP: 23/23 MP: 3/5
   103 | D:1      | Reached skill level 4 in Hexes
   182 | D:1      | Reached XP level 3. HP: 20/28 MP: 6/6
   457 | D:1      | HP: 1/28 [hobgoblin (1)]
   546 | D:1      | Reached XP level 4. HP: 33/35 MP: 8/8
   747 | D:2      | Learned a level 4 spell: Cause Fear
   831 | D:2      | HP: 1/35 [constriction (1)]
   832 | D:2      | Slain by a hobgoblin

Illustrated notes

Levels and vault maps discovered:
D:1:      minmay_arrival_arboretum_small, layout_basic, feat_on_display
D:2:      layout_basic, kennysheep_generic_room_14
D:3:      layout_rooms, amcnicky_altar_gilded, mainiacjoe_overflow_chevrons,
          nicolae_sif_muna_little_library, ebering_ghost_sewer_f

Skill      XL: |  1  2  3  4 |
---------------+-------------+-----
Hexes          | 4 |  4.1
Spellcasting   | 2 |  2.0
Dodging        | 3 |  3.0
Ranged Weapons | 3 |  3.5
Fighting       | |  1.5
Armour         | |  0.8

Action                     |  1- 3 |  4- 6 || total
---------------------------+-------+-------++-------
  Melee: Sling             |       |     2 ||     2
   Fire: Sling             |    88 |    59 ||   147
   Cast: Slow              |     9 |     4 ||    13
    Use: Potion            |       |     1 ||     1
 Armour: Robe              |     5 |       ||     5
         Leather armour    |    21 |    16 ||    37
  Dodge: Dodged            |    32 |    27 ||    59
